 Dungeon Crawl Stone Soup version 0.21-a0-538-gd16b88a (webtiles) character file.

1830 tidbits the Insei (level 9, -1/66 HPs)
             Began as a Gnoll Transmuter on Dec 16, 2017.
             Was a Follower of Cheibriados.
             Slain by an ice beast (6 damage)
             ... on level 7 of the Dungeon.
             The game lasted 00:17:05 (2021 turns).

tidbits the Insei (Gnoll Transmuter)                Turns: 2021, Time: 00:17:06

Health: -1/66      AC:  2    Str: 16    XL:     9   Next: 11%
Magic:  10/18      EV: 33    Int: 21    God:    Cheibriados [*.....]
Gold:   278        SH:  0    Dex: 29    Spells: 14/20 levels left

rFire    . . .     SeeInvis .     - Unarmed
rCold    . . .     Gourm    .   (shield currently unavailable)
rNeg     . . .     Faith    .   (armour currently unavailable)
rPois    x         Spirit   .   (helmet currently unavailable)
rElec    .         Reflect  .   (cloak currently unavailable)
rCorr    +         Harm     .   (gloves currently unavailable)
MR       .....                  (boots currently unavailable)
Stlth    ++++......             (no amulet)
HPRegen  0.21/turn              K - ring of resist corrosion
MPRegen  0.16/turn              (no ring)

@: agile, spider-form, very slow
A: tiny, distributed training, strong nose
a: End Transformation, Bend Time, Renounce Religion


You were on level 7 of the Dungeon.
You worshipped Cheibriados.
Cheibriados was aware of your devotion.
You were very full.
You were a venomous arachnid creature.
You visited 2 branches of the dungeon, and saw 8 of its levels.

You collected 278 gold pieces.

Inventory:

Hand Weapons
 a - a +2 dagger of electrocution (melded)
   (You found it on level 2 of the Dungeon)
 b - a +3 war axe of chopping
   (You found it on level 4 of the Dungeon)
 i - a +0 short sword
 s - a +0 dagger of flaming
   (You took it off an orc on level 4 of the Dungeon)
 x - a +2 dagger of venom
   (You took it off an orc wizard on level 5 of the Dungeon)
Missiles
 h - 203 stones (quivered)
 j - 48 arrows
 o - 2 poisoned javelins
 t - 11 tomahawks
Armour
 p - a cursed +0 scale mail
 B - a +0 robe (melded)
 D - a +0 buckler (melded)
 G - a +0 pair of gloves (melded)
Jewellery
 K - a ring of resist corrosion (left front leg)
   (You found it on level 2 of the Dungeon)
Scrolls
 f - 2 scrolls of fog
 k - a scroll of random uselessness {unknown}
 l - a scroll of noise
 m - a scroll of enchant weapon
 q - a scroll of magic mapping
 r - a scroll of remove curse
 v - a scroll of enchant armour
 y - a scroll of amnesia {unknown}
Potions
 e - 2 potions of brilliance
 n - a potion of might {unknown}
 u - a potion of berserk rage
 w - a potion of agility
Books
 c - a book of Changes

   Spells                             Type                      Level
   a - Beastly Appendage              Transmutation                1
   b - Sticks to Snakes               Transmutation                2
   c - Spider Form                    Transmutation/Poison         3
   d - Ice Form                       Ice/Transmutation            4
   e - Blade Hands                    Transmutation                5
Comestibles
 d - 3 bread rations
 g - 2 meat rations
 z - a royal jelly


   Skills:
 + Level 4.7 Fighting
 + Level 3.8 Short Blades
 + Level 3.8 Long Blades
 + Level 3.8 Axes
 + Level 3.8 Maces & Flails
 + Level 3.8 Polearms
 + Level 3.8 Staves
 + Level 3.8 Slings
 + Level 3.8 Bows
 + Level 3.8 Crossbows
 + Level 3.8 Throwing
 + Level 3.8 Armour
 + Level 6.0 Dodging
 + Level 3.8 Stealth
 + Level 3.8 Shields
 + Level 7.6 Unarmed Combat
 + Level 6.3 Spellcasting
 + Level 3.1 Conjurations
 + Level 3.1 Hexes
 + Level 3.1 Charms
 + Level 3.1 Summonings
 + Level 3.1 Necromancy
 + Level 3.1 Translocations
 + Level 5.0 Transmutations
 + Level 3.1 Fire Magic
 + Level 3.1 Ice Magic
 + Level 3.1 Air Magic
 + Level 3.1 Earth Magic
 + Level 3.1 Poison Magic
 + Level 4.2 Invocations
 + Level 3.8 Evocations


You had 14 spell levels left.
You knew the following spells:

 Your Spells              Type           Power        Failure   Level  Hunger
e - Beastly Appendage     Tmut           ####..       6%          1    None
k - Sticks to Snakes      Tmut           ####....     8%          2    None
p - Spider Form           Tmut/Pois      ###.......   16%         3    #......


Dungeon Overview and Level Annotations

Branches:
Dungeon (7/15)             Temple (1/1) D:4

Altars:
Ashenzari
Cheibriados
Dithmenos
Elyvilon
Fedhas
Gozag
Hepliaklqana
Kikubaaqudgha
Makhleb
Nemelex Xobeh
Okawaru
Qazlal
Sif Muna
Trog
Uskayaw
Vehumet
Wu Jian
Xom
Yredelemnul
Zin
The Shining One

Annotations:
D:5 Typee's ghost, novice OpAE


Innate Abilities, Weirdness & Mutations

Your experience applies equally to all skills.
((You have very sharp teeth.))
Your uncanny sense of smell can sniff out nearby items.


Message History

You hear an angry hiss.
The orc wizard casts a spell.
The orc wizard blinks!
The howler monkey hoots and howls with incredible vigour! x2
The leopard gecko bites you but does no damage.
The bullfrog hits you.
* * * LOW HITPOINT WARNING * * *
The bullfrog closely misses you.
The leopard gecko completely misses you.
The bullfrog barely misses you.
The howler monkey hoots and howls with incredible vigour!
The bullfrog misses you.
You hear a bark!
You bite the bullfrog!
The bullfrog is poisoned.
The bullfrog is moderately wounded.
The bullfrog completely misses you.
You hit the bullfrog but do no damage.
The bullfrog is moderately wounded.
Your transformation is almost over.
The bullfrog completely misses you.
You hit the bullfrog.
The bullfrog is heavily wounded.
You kill the howler monkey!
Cheibriados appreciates the change of pace.
Your Dodging skill increases to level 6!
The bullfrog misses you.
A quokka comes into view.
The howler monkey hits you.
* * * LOW HITPOINT WARNING * * *
The flow of time bends around you.
Cheibriados rebukes the howler monkey.
The howler monkey seems to slow down.
Cheibriados rebukes the bullfrog.
The bullfrog seems to slow down.
Cheibriados rebukes the bullfrog.
The bullfrog seems to slow down.
You feel slightly less full.
Cheibriados lowers the support of your attributes as your movement quickens.
The bullfrog completely misses you. The howler monkey hits you.
* * * LOW HITPOINT WARNING * * *
The bullfrog completely misses you.
You hit the bullfrog.
The bullfrog looks as sick as possible!
The bullfrog is severely wounded.
The bullfrog completely misses you.
You hit the bullfrog.
You kill the bullfrog!
Cheibriados appreciates the change of pace.
Your Transmutations skill increases to level 5!
The bullfrog misses you. The howler monkey barely misses you.
You bite the bullfrog!
The bullfrog is heavily wounded.
The bullfrog misses you.
The howler monkey hoots and howls with incredible vigour!
The leopard gecko completely misses you.
You hear an angry buzzing noise. x3; You hear a bark!
You bite the bullfrog!
The bullfrog is poisoned.
The bullfrog is almost dead.
The bullfrog completely misses you.
The leopard gecko completely misses you.
The howler monkey completely misses you.
You bite the bullfrog!
You kill the bullfrog!
Cheibriados appreciates the change of pace.
Cheibriados raises the support of your attributes as your movement slows.
The orc wizard casts a spell.
The orc wizard blinks!
The leopard gecko bites you.
* * * LOW HITPOINT WARNING * * *
You feel agile all of a sudden. The howler monkey closely misses you.
The ice beast closely misses you.
The leopard gecko completely misses you.
You hit the howler monkey.
The howler monkey is poisoned.
The howler monkey is moderately wounded.
Your transformation has ended.
Your +2 dagger of electrocution unmelds from your body.
Your +0 pair of gloves unmelds from your body.
Your +0 buckler unmelds from your body.
Your +0 robe unmelds from your body.
You hear the crackle of electricity.
The leopard gecko completely misses you.
The ice beast hits you but does no damage.
You block the howler monkey's attack.
Casting: Spider Form
Confirm with . or Enter, or press ? or * to list all spells.
You turn into a venomous arachnid creature.
Your +2 dagger of electrocution melds into your body.
Your +0 pair of gloves melds into your body.
Your +0 buckler melds into your body.
Your +0 robe melds into your body.
Your +2 dagger of electrocution stops crackling.
The leopard gecko completely misses you.
The ice beast completely misses you.
The howler monkey completely misses you.
You bite the howler monkey!
The howler monkey is severely wounded.
The leopard gecko misses you. The ice beast completely misses you.
You barely miss the howler monkey.
The howler monkey is severely wounded.
The leopard gecko completely misses you.
The howler monkey hoots and howls with incredible vigour!
The ice beast hits you.
* * * LOW HITPOINT WARNING * * *
The ice beast freezes you.
You die...

... #.#######.# #..#
..#.......#
.....#.##.......#
#...#...##.......# #.##
#...........#
#.###.......# #.#
#.[.....# #######.#
#.......# ).
##ohslo..###.......# .#..
#.o##Y.............#
....##.#..Z##############
#.F.#..F### #.#...o##
.........# #"..(....#
....o.Z..# #....r..h#


You could see an ice beast, a howler monkey, an orc wizard, 2 orcs, a quokka
zombie and a leopard gecko.

Vanquished Creatures
  Menkaure (D:5)
  A sky beast (D:6)
  A phantom (D:4)
  3 ogres
  A necrophage (D:5)
  The ghost of KristoblXynda the Slasher, an amateur DrGl of Ashenzari (D:3)
  A centaur (D:5)
  4 bullfrogs
  2 scorpions
  2 howler monkeys
  2 crimson imps
  A hound (D:4)
  2 bullfrog skeletons (D:4)
  An orc priest (D:7)
  2 iguanas
  3 orc wizards
  3 worker ants
  A hound skeleton (D:4)
  3 gnolls (D:4)
  9 adders
  An ooze (D:2)
  3 worms
  3 dart slugs
  2 leopard geckos
  16 orcs
  3 bats
  10 giant cockroaches
  4 hobgoblins
  4 jackals (D:3)
  4 kobolds
  A quokka (D:4)
  2 ball pythons (D:3)
  5 frilled lizards
  7 goblins
  A leopard gecko skeleton (D:4)
  11 rats
121 creatures vanquished.

Vanquished Creatures (collateral kills)
  An adder (D:2)
  An orc (D:7)
  2 jackals (D:3)
4 creatures vanquished.

Grand Total: 125 creatures vanquished

Notes
Turn   | Place    | Note
-------+----------+-------------------------------------------
     0 | D:1      | tidbits the Gnoll Transmuter began the quest for the Orb.
     0 | D:1      | Reached XP level 1. HP: 17/17 MP: 6/6
    95 | D:1      | Reached XP level 2. HP: 18/23 MP: 5/7
   103 | D:1      | Learned a level 2 spell: Sticks to Snakes
   202 | D:2      | Found a shimmering altar of Xom.
   222 | D:2      | Reached XP level 3. HP: 28/28 MP: 6/9
   227 | D:2      | Learned a level 3 spell: Spider Form
   260 | D:2      | Reached skill level 5 in Spellcasting
   389 | D:3      | Reached skill level 1 in Invocations
   442 | D:3      | Noticed KristoblXynda's ghost (amateur DrGl)
   451 | D:3      | Killed KristoblXynda's ghost
   451 | D:3      | Reached skill level 1 in Short Blades
   451 | D:3      | Reached skill level 1 in Long Blades
   451 | D:3      | Reached skill level 1 in Axes
   451 | D:3      | Reached skill level 1 in Maces & Flails
   451 | D:3      | Reached skill level 1 in Polearms
   451 | D:3      | Reached skill level 1 in Staves
   451 | D:3      | Reached skill level 1 in Slings
   451 | D:3      | Reached skill level 1 in Bows
   451 | D:3      | Reached skill level 1 in Crossbows
   451 | D:3      | Reached skill level 1 in Throwing
   451 | D:3      | Reached skill level 1 in Armour
   451 | D:3      | Reached skill level 1 in Stealth
   451 | D:3      | Reached skill level 1 in Shields
   451 | D:3      | Reached skill level 1 in Conjurations
   451 | D:3      | Reached skill level 1 in Hexes
   451 | D:3      | Reached skill level 1 in Charms
   451 | D:3      | Reached skill level 1 in Summonings
   451 | D:3      | Reached skill level 1 in Necromancy
   451 | D:3      | Reached skill level 1 in Translocations
   451 | D:3      | Reached skill level 1 in Fire Magic
   451 | D:3      | Reached skill level 1 in Ice Magic
   451 | D:3      | Reached skill level 1 in Air Magic
   451 | D:3      | Reached skill level 1 in Earth Magic
   451 | D:3      | Reached skill level 1 in Poison Magic
   451 | D:3      | Reached skill level 1 in Evocations
   451 | D:3      | Reached XP level 4. HP: 20/34 MP: 8/11
   451 | D:3      | Reached XP level 5. HP: 23/40 MP: 8/12
   536 | D:4      | Reached skill level 3 in Fighting
   544 | D:4      | Reached skill level 4 in Transmutations
   609 | D:1      | You fall through a shaft!
   684 | D:3      | Found a faded altar of an unknown god.
   774 | D:3      | Reached XP level 6. HP: 46/47 MP: 11/13
   974 | D:1      | Reached skill level 2 in Invocations
  1079 | D:4      | Noticed a phantom
  1090 | D:4      | Reached skill level 2 in Short Blades
  1090 | D:4      | Reached skill level 2 in Long Blades
  1090 | D:4      | Reached skill level 2 in Axes
  1090 | D:4      | Reached skill level 2 in Maces & Flails
  1090 | D:4      | Reached skill level 2 in Polearms
  1090 | D:4      | Reached skill level 2 in Staves
  1090 | D:4      | Reached skill level 2 in Slings
  1090 | D:4      | Reached skill level 2 in Bows
  1090 | D:4      | Reached skill level 2 in Crossbows
  1090 | D:4      | Reached skill level 2 in Throwing
  1090 | D:4      | Reached skill level 2 in Armour
  1090 | D:4      | Reached skill level 5 in Dodging
  1090 | D:4      | Reached skill level 2 in Stealth
  1090 | D:4      | Reached skill level 2 in Shields
  1090 | D:4      | Reached skill level 2 in Evocations
  1108 | D:4      | Killed a phantom
  1108 | D:4      | Reached XP level 7. HP: 39/52 MP: 8/15
  1124 | D:5      | Entered Level 5 of the Dungeon
  1237 | D:4      | Reached skill level 7 in Unarmed Combat
  1250 | D:5      | Noticed Typee's ghost (novice OpAE)
  1321 | D:4      | Reached skill level 2 in Conjurations
  1321 | D:4      | Reached skill level 2 in Hexes
  1321 | D:4      | Reached skill level 2 in Charms
  1321 | D:4      | Reached skill level 2 in Summonings
  1321 | D:4      | Reached skill level 2 in Necromancy
  1321 | D:4      | Reached skill level 2 in Translocations
  1321 | D:4      | Reached skill level 2 in Fire Magic
  1321 | D:4      | Reached skill level 2 in Ice Magic
  1321 | D:4      | Reached skill level 2 in Air Magic
  1321 | D:4      | Reached skill level 2 in Earth Magic
  1321 | D:4      | Reached skill level 2 in Poison Magic
  1370 | D:4      | Found a staircase to the Ecumenical Temple.
  1380 | Temple   | Entered the Ecumenical Temple
  1423 | Temple   | Became a worshipper of Cheibriados the Contemplative
  1500 | D:4      | Reached skill level 3 in Invocations
  1561 | D:6      | Reached XP level 8. HP: 51/60 MP: 12/16
  1596 | D:6      | Reached skill level 4 in Fighting
  1596 | D:6      | Reached skill level 3 in Short Blades
  1596 | D:6      | Reached skill level 3 in Long Blades
  1596 | D:6      | Reached skill level 3 in Axes
  1596 | D:6      | Reached skill level 3 in Maces & Flails
  1596 | D:6      | Reached skill level 3 in Polearms
  1596 | D:6      | Reached skill level 3 in Staves
  1596 | D:6      | Reached skill level 3 in Slings
  1596 | D:6      | Reached skill level 3 in Bows
  1596 | D:6      | Reached skill level 3 in Crossbows
  1596 | D:6      | Reached skill level 3 in Throwing
  1596 | D:6      | Reached skill level 3 in Armour
  1596 | D:6      | Reached skill level 3 in Stealth
  1596 | D:6      | Reached skill level 3 in Shields
  1596 | D:6      | Reached skill level 3 in Evocations
  1677 | D:5      | Reached skill level 6 in Spellcasting
  1804 | D:5      | Noticed Menkaure
  1810 | D:5      | Reached * piety under Cheibriados
  1817 | D:5      | Killed Menkaure
  1911 | D:6      | Reached skill level 4 in Invocations
  1957 | D:7      | Reached skill level 3 in Conjurations
  1957 | D:7      | Reached skill level 3 in Hexes
  1957 | D:7      | Reached skill level 3 in Charms
  1957 | D:7      | Reached skill level 3 in Summonings
  1957 | D:7      | Reached skill level 3 in Necromancy
  1957 | D:7      | Reached skill level 3 in Translocations
  1957 | D:7      | Reached skill level 3 in Fire Magic
  1957 | D:7      | Reached skill level 3 in Ice Magic
  1957 | D:7      | Reached skill level 3 in Air Magic
  1957 | D:7      | Reached skill level 3 in Earth Magic
  1957 | D:7      | Reached skill level 3 in Poison Magic
  1999 | D:7      | Reached XP level 9. HP: 19/66 MP: 12/18
  2009 | D:7      | Reached skill level 6 in Dodging
  2013 | D:7      | Reached skill level 5 in Transmutations
  2021 | D:7      | HP: 5/66 [ice beast (5)]
  2021 | D:7      | Slain by an ice beast

Vault maps used:
D:1:      minmay_arrival_hallway
D:2:      first_bread, xom_teletrap_fun
D:3:      chequers_ecumenical_altar_island, guppyfry_early_lair_pool
D:4:      temple_hall, st_stairs_11
D:5:      uniq_menkaure
D:6:      nicolae_ru_sacrificial_ziggurat, uniq_eustachio
D:7:      minmay_checkerbox
Temple:   kilobyte_greek_temple

Skill      XL: |  1  2  3  4  5  6  7  8  9 |
---------------+----------------------------+-----
Spellcasting   | 5 6 |  6.3
Invocations    | 1 2 3 4 |  4.2
Short Blades   | 1 2 3 |  3.8
Long Blades    | 1 2 3 |  3.8
Axes           | 1 2 3 |  3.8
Maces & Flails | 1 2 3 |  3.8
Polearms       | 1 2 3 |  3.8
Staves         | 1 2 3 |  3.8
Slings         | 1 2 3 |  3.8
Bows           | 1 2 3 |  3.8
Crossbows      | 1 2 3 |  3.8
Throwing       | 1 2 3 |  3.8
Armour         | 1 2 3 |  3.8
Stealth        | 1 2 3 |  3.8
Shields        | 1 2 3 |  3.8
Conjurations   | 1 2 3 |  3.1
Hexes          | 1 2 3 |  3.1
Charms         | 1 2 3 |  3.1
Summonings     | 1 2 3 |  3.1
Necromancy     | 1 2 3 |  3.1
Translocations | 1 2 3 |  3.1
Fire Magic     | 1 2 3 |  3.1
Ice Magic      | 1 2 3 |  3.1
Air Magic      | 1 2 3 |  3.1
Earth Magic    | 1 2 3 |  3.1
Poison Magic   | 1 2 3 |  3.1
Evocations     | 1 2 3 |  3.8
Fighting       | 3 4 |  4.7
Transmutations | 4 5 |  5.0
Dodging        | 5 6 |  6.0
Unarmed Combat | 7 |  7.6

Action                   |  1- 3 |  4- 6 |  7- 9 || total
-------------------------+-------+-------+-------++-------
Melee: Unarmed           |    33 |    78 |   140 ||   251
       Kick              |     3 |       |       ||     3
       Bite              |     4 |     3 |       ||     7
       Headbutt          |     1 |       |       ||     1
       Dagger            |    34 |    41 |     8 ||    83
       Punch             |       |     1 |       ||     1
 Cast: Beastly Appendage |     6 |       |       ||     6
       Sticks to Snakes  |     5 |     3 |     8 ||    16
       Spider Form       |     2 |     7 |    18 ||    27
Invok: Bend Time         |       |       |     1 ||     1
  Use: Potion            |     2 |       |     3 ||     5
       Scroll            |       |       |    11 ||    11
 Stab: Sleeping          |     2 |       |     1 ||     3
       Distracted        |     1 |       |     1 ||     2
  Eat: Fruit             |       |    12 |       ||    12
       Royal jelly       |       |       |     1 ||     1
Armor: Robe              |     9 |     5 |     6 ||    20
       Skin              |       |     3 |     2 ||     5
Dodge: Dodged            |    53 |    82 |   137 ||   272
Block: Buckler           |       |       |     2 ||     2

Table legend:
 A = Spawn XP
 B = Non-spawn XP
 C = Spawn XP percentage of total XP
 D = Spawn monster count
 E = Non-spawn monster count
 F = Spawn count percentage of total count
 G = Total turns spent on level
                    A         B        C        D         E        F      G
               +---------+---------+-------+---------+---------+-------+---------
         Total |       0 |    2615 |   0.0 |       0 |     125 |   0.0 |  2021
               +---------+---------+-------+---------+---------+-------+---------
           D:1 |       0 |      33 |   0.0 |       0 |      19 |   0.0 |   248
           D:2 |       0 |      39 |   0.0 |       0 |      12 |   0.0 |   334
           D:3 |       0 |     209 |   0.0 |       0 |      31 |   0.0 |   404
           D:4 |       0 |     823 |   0.0 |       0 |      31 |   0.0 |   444
           D:5 |       0 |     587 |   0.0 |       0 |      12 |   0.0 |   258
           D:6 |       0 |     538 |   0.0 |       0 |      11 |   0.0 |   159
           D:7 |       0 |     386 |   0.0 |       0 |       9 |   0.0 |    88
               +---------+---------+-------+---------+---------+-------+---------

Table legend:
 A = Turns spent in this place as a percentage of turns spent in the entire game.
 B = Non-inter-level travel turns spent in this place as a percentage of non-inter-level travel turns spent in the entire game.
 C = Inter-level travel turns spent in this place as a percentage of turns spent in this place.
 D = Turns resting spent in this place as a percentage of non-inter-level travel turns spent in this place.
 E = Turns spent auto-exploring this place as a percentage of non-inter-level travel turns spent in this place.
 F = Non-inter-level travel turns spent in this place divided by the number of levels of this place that you've seen.
                   A       B       C       D       E      F
               +-------+-------+-------+-------+-------+----------------------
         Total | 100.0 | 100.0 |   2.1 |   0.2 |   0.0 | 247.4
       Dungeon |  95.7 |  97.7 |   0.1 |   0.2 |   0.0 | 276.3
        Temple |   4.3 |   2.3 |  47.7 |   0.0 |   0.0 |  45.0
               +-------+-------+-------+-------+-------+----------------------

Table legend:
 A = Kills in this place as a percentage of kills in entire the game.
 B = Kills by you in this place as a percentage of kills by you in the entire game.
 C = Kills by friends in this place as a percentage of kills by friends in the entire game.
 D = Other kills in this place as a percentage of other kills in the entire game.
 E = Experience gained in this place as a percentage of experience gained in the entire game.
 F = Experience gained in this place divided by the number of levels of this place that you have seen.
                   A       B       C       D       E      F
               +-------+-------+-------+-------+-------+----------------------
         Total | 100.0 | 100.0 | 100.0 |   N/A | 100.0 | 326.9
       Dungeon | 100.0 | 100.0 | 100.0 |   N/A | 100.0 | 373.6
               +-------+-------+-------+-------+-------+----------------------

Vault maps used:
D:1:      minmay_arrival_hallway
D:2:      first_bread, xom_teletrap_fun
D:3:      chequers_ecumenical_altar_island, guppyfry_early_lair_pool
D:4:      temple_hall, st_stairs_11
D:5:      uniq_menkaure
D:6:      nicolae_ru_sacrificial_ziggurat, uniq_eustachio
D:7:      minmay_checkerbox
Temple:   kilobyte_greek_temple
